 Seeded DCSS version 0.29.1-12-g30fa7ad0bf (webtiles) character file.

Game seed: 9845822215292249863 (custom seed)

35 OTABOTABOTAB the Conjurer (level 3, 19/19 HPs)
             Began as a Deep Elf Conjurer on Jan 10, 2023.
             Quit the game on level 1 of the Dungeon.
             The game lasted 00:01:52 (1060 turns).

OTABOTABOTAB the Conjurer (Deep Elf Conjurer)       Turns: 1060, Time: 00:01:53

Health: 19/19      AC:  2    Str:  4    XL:     3   Next: 16%
Magic:  10/10      EV: 12    Int: 24    God:
Gold:   1925       SH:  0    Dex: 13    Spells: 7/10 levels left

rFire   . . .      SeeInvis .   f - staff of conjuration
rCold   . . .      Faith    .   (no shield)
rNeg    . . .      Spirit   .   a - +0 robe
rPois   .          Reflect  .   (no helmet)
rElec   .          Harm     .   (no cloak)
rCorr   .          Rampage  .   (no gloves)
Will    +....                   (no boots)
Stlth   ++........              c - amulet of the acrobat
HPRegen 0.06/turn               W - ring of willpower
MPRegen 0.12/turn               (no ring)

@: no status effects
A: no striking features
a: no special abilities


You were on level 1 of the Dungeon.
You visited 1 branch of the dungeon, and saw 1 of its levels.

You collected 1925 gold pieces.

Inventory:

Missiles
 i - 5 poisoned darts
 s - 14 stones
Armour
 a - a +0 robe (worn)
Magical Staves
 f - a staff of conjuration (weapon)
   (You found it on level 1 of the Dungeon)
Jewellery
 c - an amulet of the acrobat (around neck)
   (You found it on level 1 of the Dungeon)
 k - the amulet "Pawax" {Reflect rN+ Slay+2 SH+5}
   (You acquired it on level 1 of the Dungeon)

   [amulet of reflection]

   It reflects blocked missile attacks.
   Slay:      It affects your accuracy & damage with ranged weapons and melee
   (+2).
   rN:        It protects you from negative energy.
   SH:        It affects your SH (+5).
 W - a ring of willpower (left hand)
   (You found it on level 1 of the Dungeon)
Scrolls
 b - a scroll of teleportation {unknown}
 d - a scroll of identify {unknown}
 g - a scroll of amnesia {unknown}
Potions
 h - a potion of curing {unknown}
 j - a potion of heal wounds {unknown}
 M - 2 potions of magic


   Skills:
 + Level 0.0 Staves
 - Level 2.4 Dodging
 - Level 2.4 Stealth
 + Level 4.1 Spellcasting
 + Level 5.0 Conjurations


You had 7 spell levels left.
You knew the following spells:

 Your Spells              Type           Power      Damage    Failure   Level
a - Magic Dart            Conj           100%       1d8       1%          1
b - Searing Ray           Conj           86%        2d7       1%          2

Your spell library contained the following spells:

 Spells                   Type           Power      Damage    Failure   Level
 Dazzling Flash           Conj/Hex       50%        N/A       11%         3
 Fulminant Prism          Conj/Hex       12%        3d9       34%         4
 Iskenderun's Mystic Bla  Conj/Tloc      25%        2d7       34%         4


Dungeon Overview and Level Annotations

Branches:
Dungeon (1/15)

Altars:


Message History

No target in view!
A bat and a gnoll come into view.
MP restored: 8 You feel a surge of power!
The magic dart hits the bat.
You kill the bat!
You now have 7/8 mp.
You can't see any susceptible monsters within range! (Use Z to cast anyway.)
You feel a surge of power!
The magic dart hits the gnoll.
The gnoll shouts!
You now have 6/8 mp.
Aim: a gnoll, wielding a +0 club (moderately wounded, 83% to hit)
You feel a surge of power!
The searing ray misses the gnoll. (Press . to maintain the ray.)
You now have 4/8 mp.
The searing ray hits the gnoll.
The gnoll closely misses you.
You now have 3/8 mp.
The searing ray hits the gnoll!
You kill the gnoll!
Your Spellcasting skill increases to level 4!
Your Conjurations skill increases to level 5!
You have reached level 3!
Your experience leads to an increase in your attributes!
Increase (s)trength, (i)ntelligence, or (d)exterity?
You feel clever. x2
Health restored: 19 You now have 2/10 mp.
Things that are here:
a +0 club; a gnoll corpse
Things that are here:
a +0 dagger; a goblin corpse A bat comes into view.
MP restored: 10 You hit the bat but do no damage.
You blast the bat.
The bat closely misses you. The bat hits you but does no damage.
You barely miss the bat. The bat hits you. The bat hits you but does no damage.
The bat misses you.
You take 1 damage, and have 18/19 hp.
You completely miss the bat. The bat hits you but does no damage.
Health restored: 19 You feel a surge of power!
The magic dart hits the bat!
You kill the bat!
You now have 9/10 mp.
No target in view!
No target in view!
You now have 31 gold pieces (gained 11).
Things that are here:
a +0 club; a gnoll corpse
j - a metallic pink potion MP restored: 10 An endoplasm comes into view.
An endoplasm is nearby!
You feel a surge of power!
The magic dart hits the endoplasm.
The endoplasm quivers.
You now have 9/10 mp.
You feel a surge of power!
The magic dart hits the endoplasm!
You kill the endoplasm!
You now have 8/10 mp.
No target in view!
No target in view!
Found a stone staircase leading down.
MP restored: 10 No target in view!
No target in view!
No target in view!
e - 3 scrolls labelled VOSEFAQATU (gained 1)
A kobold comes into view. It is wielding a +0 whip.
The kobold shouts!
You feel a surge of power!
The magic dart hits the kobold but does no damage.
You now have 9/10 mp.
No target in view!
No target in view!
No target in view!
A kobold is nearby!
You feel a surge of power!
The magic dart hits the kobold.
You kill the kobold!
You now have 8/10 mp.
No target in view!
No target in view!
s - 14 stones (gained 2)
Things that are here:
a +0 whip; a kobold corpse You see here a +0 robe.
You open the door.
There is an open door here.
You open the door.
There is an open door here.
Done exploring.
MP restored: 10 Unknown command.
Done exploring.
Done exploring.
Done exploring.
This is a scroll of acquirement!
Something appears at your feet!
k - the amulet "Pawax" {Reflect rN+ Slay+2 SH+5} Something appears at your feet!
You now have 890 gold pieces (gained 859).
Something appears at your feet!
You now have 1925 gold pieces (gained

1035). # ###########
#>......... #.#######.#
#############.# #.#
#.............#### #.#
#.....@..........# #.#
#................####..
#...................##.
#................##.##.
#................##.##.
#................##.#..
#................##.#..
#############....##....
#...)####.#


There were no monsters in sight!

Vanquished Creatures
  A gnoll (D:1)
  2 dart slugs (D:1)
  2 ball pythons (D:1)
  5 bats (D:1)
  2 endoplasms (D:1)
  A giant cockroach (D:1)
  2 goblins (D:1)
  2 kobolds (D:1)
  A quokka (D:1)
  A frilled lizard (D:1)
  A rat (D:1)
20 creatures vanquished.

Notes
Turn   | Place    | Note
-------+----------+-------------------------------------------
     0 | D:1      | OTABOTABOTAB the Deep Elf Conjurer began the quest for the
                  | Orb.
     0 | D:1      | Reached XP level 1. HP: 10/10 MP: 6/6
   315 | D:1      | Reached XP level 2. HP: 15/15 MP: 2/8
   318 | D:1      | Learned a level 2 spell: Searing Ray
   726 | D:1      | Reached skill level 4 in Spellcasting
   726 | D:1      | Reached skill level 5 in Conjurations
   726 | D:1      | Reached XP level 3. HP: 19/19 MP: 2/10
  1054 | D:1      | Identified 3 scrolls of acquirement
  1054 | D:1      | Acquired the amulet "Pawax" {Reflect rN+ Slay+2 SH+5}
  1056 | D:1      | Acquired 859 gold pieces
  1058 | D:1      | Acquired 1035 gold pieces
  1060 | D:1      | Quit the game

Illustrated notes

Levels and vault maps discovered:
D:1:      giann_bridges, layout_basic

Skill      XL: |  1  2 |
---------------+-------+-----
Spellcasting   | 4 |  4.1
Conjurations   | 5 |  5.0
Dodging        | |  2.4
Stealth        | |  2.4

Action                   || total
-------------------------++-------
Melee: Spear             ||     5
       Staff             ||     6
 Cast: Magic Dart        ||    36
       Searing Ray       ||     1
  Use: Scroll            ||     3
Armor: Robe              ||     4
Dodge: Dodged            ||    10

Table legend: (Time is in decaauts)
 A = Elapsed time spent in this place.
 B = Non-inter-level travel time spent in this place.
 C = Inter-level travel time spent in this place.
 D = Time resting spent in this place.
 E = Time spent auto-exploring this place.
 F = Levels seen in this place.
 G = Mean time per level.
                   A        B        C        D        E       F      G
               +--------+--------+--------+--------+--------+-----+--------+
         Total |   1060 |   1060 |      0 |      0 |    948 |   1 | 1060.0 |
       Dungeon |   1060 |   1060 |      0 |      0 |    948 |   1 | 1060.0 |
               +--------+--------+--------+--------+--------+-----+--------+

Top non-repeatable levels by time:
     D:1: 1060 daAuts

Table legend:
 A = Kills in this place as a percentage of kills in entire the game.
 B = Kills by you in this place as a percentage of kills by you in the entire game.
 C = Kills by friends in this place as a percentage of kills by friends in the entire game.
 D = Other kills in this place as a percentage of other kills in the entire game.
 E = Experience gained in this place as a percentage of experience gained in the entire game.
 F = Experience gained in this place divided by the number of levels of this place that you have seen.
                   A       B       C       D       E      F
               +-------+-------+-------+-------+-------+----------------------
         Total | 100.0 | 100.0 |   N/A |   N/A | 100.0 |  50.0
       Dungeon | 100.0 | 100.0 |   N/A |   N/A | 100.0 |  50.0
               +-------+-------+-------+-------+-------+----------------------
